 Dungeon Crawl Stone Soup version 0.15-a0-2352-g26abbdd (webtiles) character file.

7790 Mitsuki the Martial Artist (level 11, -3/90 HPs)
             Began as a Naga Monk on July 31, 2014.
             Was the Champion of Cheibriados.
             Slain by a spiny frog (14 damage)
             ... on Level 1 of the Lair of Beasts.
             The game lasted 01:10:28 (12859 turns).

Mitsuki the Martial Artist (Naga Monk)             Turns: 12859, Time: 01:10:28

HP  -3/90        AC 13     Str 30      XL: 11   Next: 20%
MP  22/22        EV  5     Int 26      God: Cheibriados [******]
Gold 405         SH  0     Dex 30      Spells:  0 memorised, 10 levels left

rFire  . . .     SeeInvis +       - Unarmed
rCold  . . .     Clarity  .     J - +2 plate armour
rNeg   . . .     rCorr    .     (no shield)
rPois  +         rRot     .     (no helmet)
rElec  .         Spirit   .     (no cloak)
SustAb .         Warding  .     q - +0 pair of gloves
rMut   .         Stasis   .     (no barding)
Gourm  .                        m - amulet of faith
MR     +....                    K - ring of stealth
                                N - ring of stealth

@: very slow, somewhat resistant to hostile enchantments, fairly stealthy
A: spit poison, see invisible, deformed body, poison resistance, slowness 2, AC
+3
a: Spit Poison, Bend Time, Temporal Distortion, Slouch, Step From Time, Renounce
Religion


You were on level 1 of the Lair of Beasts.
You worshipped Cheibriados.
Cheibriados was exalted by your worship.
You were not hungry.

You visited 2 branches of the dungeon, and saw 10 of its levels.

You collected 405 gold pieces.

Inventory:

Armour
 q - a +0 pair of gloves (worn)
 J - a +2 plate armour (worn)
Magical devices
 d - a wand of disintegration (19)
 u - a wand of digging (15)
 y - a wand of fireball (2)
 D - a wand of flame (0)
 F - a wand of frost (2)
 G - a wand of slowing (12)
 I - a wand of fire (0)
 O - a wand of flame (10)
Comestibles
 b - 8 bread rations
 h - 2 beef jerkies
 i - 4 meat rations
 t - 3 rotting chunks of hippogriff flesh
 A - 5 chunks of spiny frog flesh
 C - 8 fruits
 E - a slice of pizza
Scrolls
 c - 4 scrolls of teleportation
 g - a scroll of fog
 j - a scroll of recharging
 n - 4 scrolls of remove curse
 r - 2 scrolls of fear
 v - a scroll of summoning {unknown}
 z - 3 scrolls of identify
 B - a scroll of magic mapping
Jewellery
 m - an amulet of faith (around neck)
 s - an uncursed ring of teleport control
 w - an uncursed ring of wizardry
 x - an uncursed ring of positive energy
 K - a ring of stealth (right hand)
 N - a ring of stealth (left hand)
Potions
 a - 3 potions of resistance
 e - 2 potions of agility
 f - a potion of heal wounds
 k - 2 potions of might
 l - a potion of lignification
 o - 5 potions of curing
 p - 2 potions of cancellation
 M - a potion of restore abilities


   Skills:
 - Level 3.0 Fighting
 + Level 3.3 Armour
 - Level 2.4 Dodging
 - Level 7.8 Stealth
 - Level 13.9 Unarmed Combat
 - Level 8.1 Invocations
 - Level 0.4 Evocations


You had 10 spell levels left.
You didn't know any spells.

Dungeon Overview and Level Annotations

Branches:
Dungeon (9/15)             Temple (0/1) D:7            Lair (1/8) D:8
    Orc: D:9-12

Altars:
Cheibriados
Dithmenos
Elyvilon
Fedhas
Nemelex Xobeh
Sif Muna


Innate Abilities, Weirdness & Mutations

You cannot wear boots.
You can spit poison.
Your serpentine skin is tough (AC +3).
You have supernaturally acute eyesight.
Armour fits poorly on your strangely shaped body.
Your system is resistant to poisons.
You cover ground very slowly.


Message History

You hit the spiny frog but do no damage.
The spiny frog is heavily wounded.
You have got your breath back.
The spiny frog stings you!
You hit the spiny frog.
The spiny frog is severely wounded.
The spiny frog stings you.
You punch the spiny frog!
The spiny frog is almost dead.
The spiny frog stings you!! The spiny frog stings you!
You barely miss the spiny frog.
The spiny frog is almost dead.
The spiny frog stings you but does no damage.
The spiny frog stings you.
You hit the spiny frog but do no damage.
The spiny frog is almost dead.
The spiny frog stings you!!
* * * LOW HITPOINT WARNING * * *
The spiny frog stings you!
You die...

# . . #. ##. .. #.
###..## .P #
##.##.#.##. . .#
#.......#.. .#.###
#.......##.###......
#....#...#..#F..P#
#....##..##.@#...#
#............F..#
#####..[.####.......#
...........######.#....
.....≈####...........##
......≈§≈#§#.##P#.####
.....§≈≈≈≈§.## .#
......≈§≈#§## !#
.....#≈≈≈#.######.#


You could see 2 spiny frogs.

Vanquished Creatures
  Erolcha (D:8)
  Pikel (D:7)
  An elephant (D:8)
  3 spiny frogs (Lair:1)
  A komodo dragon (Lair:1)
  Eustachio (D:8)
  A yak (D:8)
  Grum (D:8)
  A hippogriff (Lair:1)
  3 wolves
  Edmund (D:4)
  4 water moccasins
  2 porcupines (Lair:1)
  A phantom (D:4)
  2 centaurs (D:8)
  2 black bears
  An ice beast (D:6)
  2 orc warriors
  4 ogres
  2 crocodiles
  A big kobold (D:7)
  8 giant frogs
  3 killer bees (D:7)
  4 wights (D:6)
  An electric eel (Lair:1)
  6 orc priests
  2 goliath beetles (D:8)
  4 crimson imps
  2 hounds
  An elf skeleton (D:7)
  2 centaur zombies (D:4)
  7 jellies
  5 worker ants
  A gnoll shaman (D:5)
  A black bear skeleton (D:8)
  Natasha (thrice) (D:6)
  4 iguanas
  7 orc wizards
  A sheep (D:8)
  Ijyb (D:5)
  A big kobold skeleton (D:7)
  A worker ant zombie (D:4)
  3 gnolls (D:5)
  9 adders
  A shadow imp (D:5)
  2 giant mites
  An inept item mimic (D:7)
  2 worms
  3 orc zombies
  An adder zombie (D:4)
  An adder skeleton (D:5)
  An iguana zombie (D:7)
  8 giant geckos
  An ooze (D:1)
  29 orcs
  6 giant cockroaches
  14 goblins
  21 hobgoblins
  26 jackals
  5 quokkas
  2 ball pythons
  7 bats
  A giant gecko zombie (D:7)
  7 giant newts
  2 goblin zombies (D:4)
  A hobgoblin zombie (D:7)
  A jackal skeleton (D:4)
  22 kobolds
  A kobold skeleton (D:6)
  A kobold zombie (D:4)
  A quokka skeleton (D:5)
  11 rats
  2 rat skeletons (D:4)
  4 ballistomycetes (D:6)
298 creatures vanquished.

Vanquished Creatures (others)
  3 slaves (D:7)
  A killer bee (D:7)
  An orc priest (D:7)
  A scorpion zombie (D:7)
  4 orcs (D:7)
  A giant spore (D:6)
  A rat (D:7)
12 creatures vanquished.

Grand Total: 310 creatures vanquished

Notes
Turn   | Place    | Note
--------------------------------------------------------------
     0 | D:1      | Mitsuki, the Naga Monk, began the quest for the Orb.
     0 | D:1      | Reached XP level 1. HP: 21/21 MP: 1/1
   332 | D:1      | Reached XP level 2. HP: 25/28 MP: 2/2
  1176 | D:1      | Reached XP level 3. HP: 31/34 MP: 3/3
  1515 | D:2      | Reached skill level 1 in Armour
  1749 | D:2      | Reached XP level 4. HP: 4/42 MP: 4/4
  2108 | D:2      | Reached skill level 5 in Unarmed Combat
  3101 | D:3      | Reached XP level 5. HP: 49/49 MP: 5/5
  3425 | D:3      | Found a snail-covered altar of Cheibriados.
  3434 | D:3      | Became a worshipper of Cheibriados the Contemplative
  3455 | D:3      | Reached skill level 6 in Unarmed Combat
  3751 | D:3      | Reached skill level 1 in Invocations
  3839 | D:4      | Reached XP level 6. HP: 43/56 MP: 5/7
  4126 | D:4      | Acquired Cheibriados' first power
  4402 | D:4      | Acquired Cheibriados' second power
  4478 | D:4      | Noticed Edmund
  4502 | D:4      | Killed Edmund
  4502 | D:4      | Reached skill level 7 in Unarmed Combat
  4502 | D:4      | Reached XP level 7. HP: 58/62 MP: 9/9
  5026 | D:4      | Found a deep blue altar of Sif Muna.
  5265 | D:5      | Entered Level 5 of the Dungeon
  5268 | D:5      | Acquired Cheibriados' third power
  5525 | D:5      | Reached skill level 8 in Unarmed Combat
  5565 | D:5      | Noticed Ijyb
  5573 | D:5      | Killed Ijyb
  6230 | D:5      | Reached XP level 8. HP: 65/69 MP: 11/13
  6741 | D:5      | Reached skill level 9 in Unarmed Combat
  7307 | D:6      | Reached skill level 5 in Invocations
  7777 | D:6      | Found a white marble altar of Elyvilon.
  7777 | D:6      | Found a shadowy altar of Dithmenos.
  7782 | D:6      | Found a blossoming altar of Fedhas.
  8014 | D:6      | Reached XP level 9. HP: 64/75 MP: 20/20
  8165 | D:6      | Noticed Natasha
  8189 | D:6      | Killed Natasha
  8287 | D:6      | Found a sparkling altar of Nemelex Xobeh.
  8302 | D:6      | Noticed Natasha
  8307 | D:6      | Killed Natasha
  8405 | D:6      | Noticed Natasha
  8406 | D:6      | Killed Natasha
  8508 | D:7      | Noticed Pikel
  8793 | D:7      | Killed Pikel
  8793 | D:7      | Reached skill level 5 in Stealth
  8793 | D:7      | Reached skill level 10 in Unarmed Combat
  9458 | D:7      | Found a staircase to the Ecumenical Temple.
  9700 | D:8      | Noticed Grum
  9705 | D:7      | Reached skill level 11 in Unarmed Combat
  9854 | D:8      | Reached XP level 10. HP: 56/84 MP: 17/21
  9859 | D:8      | Killed Grum
 10632 | D:8      | Noticed Eustachio
 10651 | D:8      | Killed Eustachio
 10988 | D:8      | Found a staircase to the Lair.
 10990 | D:8      | Noticed an elephant
 10998 | D:8      | Reached skill level 12 in Unarmed Combat
 11031 | D:8      | Killed an elephant
 11224 | D:8      | Noticed Erolcha
 11232 | D:8      | Killed Erolcha
 11795 | D:8      | Reached skill level 13 in Unarmed Combat
 12044 | Lair:1   | Entered Level 1 of the Lair of Beasts
 12315 | Lair:1   | Reached XP level 11. HP: 83/90 MP: 22/22
 12859 | Lair:1   | Slain by a spiny frog

Action                   |  1- 3 |  4- 6 |  7- 9 | 10-12 || total
-------------------------+-------+-------+-------+-------++-------
Melee: Unarmed           |   127 |   175 |   347 |   166 ||   815
Invok: Bend Time         |       |     1 |     1 |       ||     2
       Step From Time    |       |       |       |     1 ||     1
       Slouch            |       |       |       |     1 ||     1
 Abil: Spit Poison       |    20 |    63 |    85 |    44 ||   212
Evoke: Wand              |       |     1 |    12 |    17 ||    30
  Use: Scroll            |       |     5 |     7 |     5 ||    17
       Potion            |       |     1 |     6 |     2 ||     9
 Stab: Distracted        |       |     1 |       |       ||     1
       Sleeping          |       |       |     2 |     1 ||     3
       Fleeing           |       |       |     1 |       ||     1
  Eat: Chunk             |     3 |    12 |    17 |    10 ||    42
